 Dungeon Crawl Stone Soup version 0.28.0-43-g3370ac3207 (webtiles) character file.

Game seed: 9874522103694725936

338 mortz the Magician (level 6, -8/40 HPs)
             Began as a Djinni Conjurer on Mar 6, 2022.
             Killed by divine providence
             ... invoked by an orc priest
              (13 damage)
             ... on level 4 of the Dungeon.
             The game lasted 00:14:03 (4560 turns).

mortz the Magician (Djinni Conjurer)                Turns: 4560, Time: 00:14:03

Health: -8/40      AC:  4    Str:  6    XL:     6   Next: 86%
Gold:   221        EV: 11    Int: 22    God:
                   SH:  0    Dex: 11

rFire   + + .      SeeInvis .   m - +1 dagger (venom) {short}
rCold   x . .      Faith    .   (no shield)
rNeg    . . .      Spirit   .   r - +0 leather armour
rPois   ∞          Reflect  .   n - +0 helmet
rElec   .          Harm     .   (no cloak)
rCorr   .          Rampage  .   (no gloves)
Will    .....                   (boots unavailable)
Stlth   ++........              (no amulet)
HPRegen 0.13/turn               (no ring)
MPRegen 0.00/turn               (no ring)

@: flying
A: sickness immunity, fire resistance 2, cold vulnerability 1, float, innate
caster, HP casting, extra vitality 1
a: no special abilities


You were on level 4 of the Dungeon.
You visited 1 branch of the dungeon, and saw 4 of its levels.

You collected 221 gold pieces.


Innate Abilities, Weirdness & Mutations

You are immune to sickness and miasma.
You are immune to poison.
Your flesh is very heat resistant. (rF++)
You are vulnerable to cold. (rC-)
You float through the air rather than walking.
You learn spells naturally, not from books.
Your magical power is your life essence.
You have superior vitality. (+4 MHP)


   Skills:
 + Level 0.2 Fighting
 + Level 0.2 Armour
 + Level 2.7 Dodging
 + Level 2.1 Stealth
 + Level 5.6 Spellcasting


You couldn't memorise any spells.
You knew the following spells:

 Your Spells              Type           Power      Damage    Failure   Level
a - Magic Dart            Conj           100%       1d8       1%          1
b - Searing Ray           Conj           62%        2d6       2%          2
c - Dazzling Flash        Conj/Hex       62%        N/A       4%          3
d - Fulminant Prism       Conj/Hex       15%        3d11      14%         4
e - Iskenderun's Mystic   Conj/Tloc      31%        2d8       14%         4
f - Beastly Appendage     Tmut           62%        N/A       1%          1
g - Scorch                Fire           62%        2d8       2%          2
Your spell library was empty.

Inventory:

Hand Weapons
 c - a +0 club {mace}
   (You took it off a goblin on level 1 of the Dungeon)
 e - a +0 spear {polearm}
   (You took it off a gnoll on level 1 of the Dungeon)
 g - a +0 dagger {short}
   (You took it off a goblin on level 1 of the Dungeon)
 k - a +0 short sword {short}
   (You took it off a kobold on level 1 of the Dungeon)
 m - a +1 dagger of venom (weapon) {short}
   (You found it on level 2 of the Dungeon)
Missiles
 d - 84 stones {throwing}
 j - 5 poisoned darts {throwing}
Armour
 a - a +0 robe
 n - a +0 helmet (worn)
   (You found it on level 2 of the Dungeon)
 q - a +0 chain mail
   (You took it off a hobgoblin on level 3 of the Dungeon)
 r - a +0 leather armour (worn)
   (You took it off an orc on level 3 of the Dungeon)
Scrolls
 h - 2 scrolls of identify {unknown}
 i - a scroll of noise {unknown}
 l - 2 scrolls of teleportation {unknown}
 o - a scroll of blinking {unknown}
 p - a scroll of fear {unknown}
 s - a scroll of fog {unknown}
 t - a scroll of amnesia {unknown}
 u - a scroll of enchant armour {unknown}
Potions
 b - a potion of haste {unknown}
 f - a potion of mutation {unknown}
 v - a potion of flight {unknown}
 w - a potion of berserk rage {unknown}

Dungeon Overview and Level Annotations

Branches:
Dungeon (4/15)
 Temple: D:4-7

Altars:
Sif Muna

Annotations:
D:3 1 runed translucent door, Crazy Yiuf

............#
.......)o.o.#
........o...#
...........##
...........#
#.........##
#.........#
#........##
##......@##
#######..#####
#........# ..
#.≈≈≈≈≈≈.# .#
#.≈≈≈≈≈≈.###.#
#.≈≈._≈≈..##.#
#.≈≈⌠>≈≈.....#
#.≈≈≈≈≈≈.....#
#.≈≈≈≈≈≈.....#


You could see 2 orc priests and an orc.


Message History

Press: ? - help, Q - select action, (/) - cycle Shift-Dir - straight line, f/p - hound skeleton
Aim: a hound skeleton (lightly damaged, 100% to hit)
The magic dart hits the hound skeleton. 😕 HP[-1]
You take 1 damage, and now have 38/40 hp.
Aiming: Magic Dart (safe; 1% risk of failure)
Press: ? - help, Q - select action, (/) - cycle Shift-Dir - straight line, f/p - hound skeleton
Aim: a hound skeleton (moderately damaged, 100% to hit)
The magic dart hits the hound skeleton! 😕 HP[-1]
You take 1 damage, and now have 37/40 hp.
Aiming: Magic Dart (safe; 1% risk of failure)
Press: ? - help, Q - select action, (/) - cycle Shift-Dir - straight line, f/p - hound skeleton
Aim: a hound skeleton (severely damaged, 100% to hit)
The magic dart hits the hound skeleton. 😕 HP[-1]
You take 1 damage, and now have 36/40 hp.
Aiming: Magic Dart (safe; 1% risk of failure)
Press: ? - help, Q - select action, (/) - cycle Shift-Dir - straight line, f/p - hound skeleton
Aim: a hound skeleton (almost destroyed, 100% to hit)
The magic dart hits the hound skeleton. 😕 HP[-1]
You take 1 damage, and now have 35/40 hp.
Aiming: Magic Dart (safe; 1% risk of failure)
Press: ? - help, Q - select action, (/) - cycle Shift-Dir - straight line, f/p - hound skeleton
Aim: a hound skeleton (almost destroyed, 100% to hit)
The magic dart hits the hound skeleton.
You destroy the hound skeleton! 😕 HP[-1]
You take 1 damage, and now have 34/40 hp.
A kobold comes into view. It is wielding a +0 dagger. 😎 HP[+6]
Your hp is fully restored (40).
Aiming: Magic Dart (safe; 1% risk of failure)
Press: ? - help, Q - select action, (/) - cycle Shift-Dir - straight line, f - kobold
Aim: a kobold, wielding a +0 dagger and quivering stones (asleep, 100% to hit)
The magic dart hits the kobold.
You kill the kobold!
d - 84 stones {throwing} (gained 4)
Things that are here:
a +0 dagger {short}; a kobold corpse
Aiming: Magic Dart (safe; 1% risk of failure)
Press: ? - help, Q - select action, (/) - cycle Shift-Dir - straight line, f - orc
Aim: an orc, wielding a +0 dagger (wandering, hasn't noticed you, 100% to hit)
The magic dart hits the orc.
The orc shouts! 😕 HP[-1]
You take 1 damage, and now have 39/40 hp.
Aiming: Magic Dart (safe; 1% risk of failure)
Press: ? - help, Q - select action, (/) - cycle Shift-Dir - straight line, f/p - orc
Aim: an orc, wielding a +0 dagger (moderately wounded, 100% to hit)
You miscast Magic Dart.
You are very lightly contaminated with residual magic.
Nothing appears to happen.
The orc priest shouts!
Aiming: Magic Dart (safe; 1% risk of failure)
Press: ? - help, Q - select action, (/) - cycle Shift-Dir - straight line, f/p - orc
Aim: an orc, wielding a +0 dagger (moderately wounded, 100% to hit)
The magic dart hits the orc.
The orc priest shouts!
You hear a shout! 😕 HP[-1]
You take 1 damage, and now have 38/40 hp.
Aiming: Magic Dart (safe; 1% risk of failure)
Press: ? - help, Q - select action, (/) - cycle Shift-Dir - straight line, f/p - orc
Aim: an orc, wielding a +0 dagger (almost dead, 100% to hit)
The magic dart hits the orc!
You kill the orc!
The orc priest invokes the aid of Beogh against you.
You struggle to resist. 😕 HP[-1]
You take 1 damage, and now have 37/40 hp.
Aiming: Magic Dart (safe; 1% risk of failure)
Press: ? - help, Q - select action, (/) - cycle Shift-Dir - straight line, f - orc priest
Aim: an orc priest, wielding a +0 hand axe and wearing a +0 leather armour of fire resistance (100% to hit)
The magic dart hits the orc priest.
The orc priest mumbles some strange prayers to Beogh against you.
Beogh smites you! 😮 HP[-15]
You take 15 damage, and now have 22/40 hp.
MASSIVE DAMAGE!! (PAUSE)
Your magical contamination has completely faded away.
You see here a +0 dagger {short}. 😮 HP[+1]
The orc priest invokes the aid of Beogh against you.
Beogh smites you!
* * * LOW HITPOINT WARNING * * *
😨 HP[-9]
You take 9 damage, and now have 14/40 hp.
MASSIVE DAMAGE!! (PAUSE)
The orc priest looks encouraged for a moment.
The orc priest calls down the wrath of Beogh upon you.
Beogh smites you!
* * * LOW HITPOINT WARNING * * *
😱 HP[-10]
You take 10 damage, and now have 4/40 hp.
MASSIVE DAMAGE!! (PAUSE)
The orc priest calls down the wrath of Beogh upon you.
Beogh smites you!
You die...

Skill      XL: |  1  2  3  4  5  6 |
---------------+-------------------+-----
Spellcasting   | 4 5 |  5.6
Stealth        | 2 |  2.1
Fighting       | |  0.2
Armour         | |  0.2
Dodging        | |  2.7

Action                   |  1- 3 |  4- 6 || total
-------------------------+-------+-------++-------
 Cast: Magic Dart        |    63 |    83 ||   146
       Searing Ray       |     2 |    18 ||    20
       Scorch            |       |     4 ||     4
Armor: Robe              |       |     6 ||     6
       Leather armour    |       |     4 ||     4
Dodge: Dodged            |     7 |    15 ||    22

Levels and vault maps discovered:
D:1:      elethiomel_arrival_quiet, layout_loops_corners,
          ebering_ecumenical_altar_abandoned
D:2:      layout_rooms
D:3:      layout_rooms, uniq_crazy_yiuf_cottage
D:4:      layout_cave_pods, nicolae_overflow_quartered_altars,
          general_overflow_altar, minmay_bent

Notes
Turn   | Place    | Note
-------+----------+-------------------------------------------
     0 | D:1      | mortz the Djinni Conjurer began the quest for the Orb.
     0 | D:1      | Reached XP level 1. HP: 15/15 MP: 0/0
     0 | D:1      | magus.rc [v1.9.6]
   230 | D:1      | Found a faded altar of an unknown god.
   269 | D:1      | HP: 3/15 [gnoll/+0 spear (3)]
   271 | D:1      | Reached XP level 2. HP: 3/21 MP: 0/0
   745 | D:1      | Reached XP level 3. HP: 24/25 MP: 0/0
   745 | D:1      | Learned a level 1 spell: Beastly Appendage
  1282 | D:1      | Reached skill level 4 in Spellcasting
  1868 | D:2      | Reached XP level 4. HP: 21/31 MP: 0/0
  2716 | D:2      | Reached XP level 5. HP: 32/35 MP: 0/0
  2716 | D:2      | Learned a level 2 spell: Scorch
  3733 | D:3      | Found a runed translucent door.
  3734 | D:3      | Noticed Crazy Yiuf
  3790 | D:3      | Reached skill level 5 in Spellcasting
  4005 | D:3      | Reached XP level 6. HP: 36/40 MP: 0/0
  4159 | D:4      | Reached skill level 2 in Stealth
  4559 | D:4      | HP: 4/40 [orc priest/divine providence (10)]
  4560 | D:4      | Killed from afar by an orc priest

Vanquished Creatures
  A scorpion (D:4)
  An iguana (D:4)
  An orc wizard (D:3)
  A hound skeleton (D:4)
  4 gnolls
  7 adders
  An ufetubus (D:4)
  5 worms
  A dart slug (D:4)
  4 orcs
  9 endoplasms
  2 giant cockroaches
  3 goblins (D:1)
  9 hobgoblins
  2 jackals (D:1)
  3 quokkas (D:2)
  9 ball pythons
  8 bats
  3 frilled lizards
  15 kobolds
  5 rats
94 creatures vanquished.

Table legend:
 A = Non-vault XP
 B = Vault XP
 C = Vault XP percentage of total XP
 D = Non-vault monster count
 E = Vault monster count
 F = Vault count percentage of total count
                 A         B        C        D         E       F
            +---------+---------+-------+---------+---------+-------
      Total |     421 |      63 |  13.0 |      88 |       6 |   6.4
            +---------+---------+-------+---------+---------+-------
        D:1 |      67 |       0 |   0.0 |      34 |       0 |   0.0
        D:2 |      82 |       0 |   0.0 |      24 |       0 |   0.0
        D:3 |     140 |       0 |   0.0 |      22 |       0 |   0.0
        D:4 |     132 |      63 |  32.3 |       8 |       6 |  42.9
            +---------+---------+-------+---------+---------+-------

Illustrated notes

Table legend:
 A = Kills in this place as a percentage of kills in entire the game.
 B = Kills by you in this place as a percentage of kills by you in the entire game.
 C = Kills by friends in this place as a percentage of kills by friends in the entire game.
 D = Other kills in this place as a percentage of other kills in the entire game.
 E = Experience gained in this place as a percentage of experience gained in the entire game.
 F = Experience gained in this place divided by the number of levels of this place that you have seen.
                   A       B       C       D       E      F
               +-------+-------+-------+-------+-------+----------------------
         Total | 100.0 | 100.0 |   N/A |   N/A | 100.0 | 121.0
       Dungeon | 100.0 | 100.0 |   N/A |   N/A | 100.0 | 121.0
               +-------+-------+-------+-------+-------+----------------------

Table legend: (Time is in decaauts)
 A = Elapsed time spent in this place.
 B = Non-inter-level travel time spent in this place.
 C = Inter-level travel time spent in this place.
 D = Time resting spent in this place.
 E = Time spent auto-exploring this place.
 F = Levels seen in this place.
 G = Mean time per level.
                   A        B        C        D        E       F      G
               +--------+--------+--------+--------+--------+-----+--------+
         Total |   4561 |   4449 |    112 |    335 |   3643 |   4 | 1140.2 |
       Dungeon |   4561 |   4449 |    112 |    335 |   3643 |   4 | 1140.2 |
               +--------+--------+--------+--------+--------+-----+--------+

Top non-repeatable levels by time:
     D:1: 2222 daAuts
     D:2: 1036 daAuts
     D:3: 772 daAuts
     D:4: 530 daAuts
